 Dungeon Crawl Stone Soup version 0.31-a0-232-gb1c03b2570 (webtiles) character file.

Game seed: 2779155028618570167

1351 qw the Skirmisher (level 8, -5/70 HPs)
             Began as a Minotaur Hexslinger on July 7, 2023.
             Was an Initiate of Okawaru.
             Slain by an ice beast (9 damage)
             ... on level 6 of the Dungeon.
             The game lasted 00:02:04 (5807 turns).

qw the Skirmisher (Minotaur Hexslinger)             Turns: 5807, Time: 00:02:04

Health: -5/70      AC: 11    Str: 12    XL:     8   Next: 36%
Magic:  8/8        EV: 11    Int: 14    God:    Okawaru [......]
Gold:   283        SH:  0    Dex: 16    Spells: 8/9 levels left

rFire   . . .        Y - +1 sling
rCold   . . .        (no shield)
rNeg    + + .        n - +3 ring mail
rPois   +            (helmet restricted)
rElec   .            (no cloak)
rCorr   +            (no gloves)
SInv    +            k - +2 pair of boots
Will    .....        (no amulet)
Stlth   +            b - ring "Qaumypt" {rN++ Will- rCorr Int+4 SInv}
HPRegen 0.31/turn    a - ring of poison resistance
MPRegen 0.11/turn

%: no passive effects
@: no status effects
A: horns 2, retaliatory headbutt
a: Renounce Religion


You were on level 6 of the Dungeon.
You worshipped Okawaru.
Okawaru was noncommittal.
You visited 2 branches of the dungeon, and saw 7 of its levels.

You collected 283 gold pieces.


Innate Abilities, Weirdness & Mutations

You have a pair of horns on your head.
You reflexively headbutt those who attack you in melee.


   Skills:
 - Level 6.1 Fighting
 + Level 9.4 Ranged Weapons
 - Level 2.4 Armour
 - Level 3.1 Dodging
 - Level 1.0 Spellcasting
 - Level 2.0 Hexes


You had 8 spell levels left.
You knew the following spells:

 Your Spells              Type           Power      Damage    Failure   Level
a - Slow                  Hex            24%        N/A       26%         1

Your spell library contained the following spells:

 Spells                   Type           Power      Damage    Failure   Level
 Inner Flame              Hex/Fire       3%         N/A       75%         3
 Portal Projectile        Hex/Tloc       6%         N/A       75%         3
 Cause Fear               Hex            3%         N/A       94%         4

Inventory:

Hand Weapons
 Y - a +1 sling (weapon)
Armour
 k - a +2 pair of boots (worn)
 n - a +3 ring mail (worn)
 p - a +1 leather armour of fire resistance
Jewellery
 a - a ring of poison resistance (right hand)
 b - the ring "Qaumypt" (left hand) {rN++ Will- rCorr Int+4 SInv}
   (You found it on level 2 of the Dungeon)

   [ring of see invisible]

   Int:       It affects your intelligence (+4).
   rN:        It greatly protects you from negative energy.
   SInv:      It lets you see invisible.
   rCorr:     It protects you from acid and corrosion.
   Will:      It decreases your willpower.
 f - a +4 ring of protection
 i - a +6 ring of strength
Scrolls
 g - 2 scrolls of enchant armour
 j - 2 scrolls of identify
Potions
 c - a potion of berserk rage {unknown}
 d - a potion of brilliance {unknown}
 e - a potion of attraction {unknown}
 h - a potion of magic {unknown}
 l - a potion of mutation {unknown}
 m - a potion of enlightenment {unknown}
 o - a potion of might {unknown}
 q - a potion of lignification {unknown}

Dungeon Overview and Level Annotations

Branches:
Dungeon (6/15)             Temple (1/1) D:5

Altars:
Ashenzari
Fedhas
Gozag
Hepliaklqana
Kikubaaqudgha
Makhleb
Okawaru
Ru
Sif Muna
Uskayaw
Vehumet
Wu Jian
Zin
The Shining One

Annotations:
D:3 exclusion: 2 gnolls


Message History

The wight hits you with a +1 scimitar! The ice beast misses you.
You furiously retaliate!
You headbutt the ice beast. You shoot a sling bullet.
The sling bullet hits the ice beast but does no damage.
The ice beast is moderately wounded.
The wight hits you with a +1 scimitar! You partially resist.
You feel drained. The ice beast closely misses you.
You shoot a sling bullet. The sling bullet hits the ice beast.
The ice beast is heavily wounded.
The wight hits you with a +1 scimitar!
The ice beast hits you but does no damage.
You shoot a sling bullet. The sling bullet hits the ice beast!
The ice beast is almost dead.
The wight hits you with a +1 scimitar! The ice beast misses you.
You shoot a sling bullet.
The sling bullet hits the ice beast but does no damage.
The ice beast is almost dead.
The wight closely misses you. You furiously retaliate!
You headbutt the wight!
The ice beast hits you but does no damage.
You shoot a sling bullet.
The sling bullet closely misses the ice beast.
The wight closely misses you. The ice beast closely misses you.
You shoot a sling bullet.
The sling bullet barely misses the ice beast.
The wight hits you with a +1 scimitar!
The ice beast hits you but does no damage.
The ice beast hits you. The ice beast freezes you.
The wight closely misses you. You furiously retaliate!
You headbutt the wight! You shoot a sling bullet.
The sling bullet hits the wight.
You destroy the wight!
Okawaru accepts your kill. The ice beast hits you. The ice beast freezes you.
Your life force feels restored.
You shoot a sling bullet.
The sling bullet closely misses the ice beast.
The ice beast misses you.
You shoot a sling bullet.
The sling bullet closely misses the ice beast.
The wight closely misses you. The ice beast hits you.
The ice beast freezes you!
You die...

..# #.).#####.## #.##
..# #....# #.###....#
.## #...######.........
...##.............##....
......#........### .
...###..#####.# # #.##
#..# #.@# #Y.z......
...........
...##........ ....#
......... .... .........
... ......... ..
..........


You could see an ice beast and a wight.

Vanquished Creatures
  Sigmund (D:3)
  A black bear (D:4)
  3 phantoms
  4 wights (D:6)
  3 scorpions
  A gnoll bouda (D:6)
  A hound (D:4)
  2 sleepcaps (D:5)
  2 jellies (D:5)
  4 iguanas
  2 orc wizards (D:6)
  6 gnolls
  5 adders
  A shadow imp (D:3)
  An ufetubus (D:5)
  A worm (D:5)
  A dart slug (D:3)
  6 orcs
  7 endoplasms
  4 giant cockroaches (D:1)
  10 goblins
  7 hobgoblins
  4 jackals (D:2)
  2 quokkas
  5 ball pythons
  6 bats
  2 frilled lizards (D:1)
  A kobold (D:1)
  4 rats
97 creatures vanquished.

Notes
Turn   | Place    | Note
-------+----------+-------------------------------------------
     0 | D:1      | qw the Minotaur Hexslinger began the quest for the Orb.
     0 | D:1      | Reached XP level 1. HP: 16/16 MP: 1/1
     0 | D:1      | 0 ||| qw: Version: 0.3-a-46-gb1f654a
     0 | D:1      | 0 ||| qw: Game counter: 2579
     0 | D:1      | 0 ||| qw: Melee chars always use a shield: true
     0 | D:1      | 0 ||| qw: God list: Okawaru
     0 | D:1      | 0 ||| qw: Allow faded altars: false
     0 | D:1      | 0 ||| qw: Do Orc after clearing Dungeon:15 true
     0 | D:1      | 0 ||| qw: Do second Lair branch before Depths: true
     0 | D:1      | 0 ||| qw: Lair rune preference: random
     0 | D:1      | 0 ||| qw: Goals: Normal
     0 | D:1      | 0 ||| PLANNING D:1-11
   114 | D:1      | Reached skill level 3 in Ranged Weapons
   114 | D:1      | Reached XP level 2. HP: 23/23 MP: 2/2
   281 | D:1      | Found a faded altar of an unknown god.
   582 | D:1      | 582 ||| UPGRADING to +0 leather armour.
   592 | D:1      | 592 ||| DROPPING +0 robe.
   593 | D:1      | 593 ||| UPGRADING to +6 ring of strength.
   594 | D:1      | 594 ||| READING scroll labelled HAPO ETZATTANA.
   695 | D:1      | 695 ||| READING 2 scrolls labelled ADUBRO VITO.
   696 | D:1      | 696 ||| DROPPING scroll of poison.
   863 | D:2      | Reached XP level 3. HP: 29/29 MP: 3/3
   882 | D:2      | Identified the ring "Qaumypt" {rN++ Will- rCorr Int+4 SInv}
   905 | D:2      | Reached skill level 4 in Ranged Weapons
  1435 | D:2      | 1435 ||| UPGRADING to +0 pair of boots.
  1440 | D:2      | 1440 ||| READING scroll of enchant armour.
  1440 | D:2      | 1440 ||| ENCHANTING +0 pair of boots.
  1441 | D:2      | 1441 ||| UPGRADING to ring of poison resistance.
  1442 | D:2      | 1442 ||| UPGRADING to ring "Qaumypt" {rN++ Will- rCorr
                  | Int+4 SInv}.
  1444 | D:2      | 1444 ||| READING scroll labelled XUNNEL WYVOOGE.
  1483 | D:2      | 1483 ||| READING scroll labelled SIRAOLLEH TETZ.
  1484 | D:2      | 1484 ||| READING scroll labelled NEFACZOLIB.
  1488 | D:2      | 1488 ||| READING scroll labelled FAELEU NIHOEFF.
  1551 | D:2      | Reached XP level 4. HP: 36/36 MP: 4/4
  1688 | D:3      | Reached skill level 5 in Ranged Weapons
  1691 | D:3      | HP: 9/36 [gnoll/+0 halberd (13)]
  1701 | D:3      | HP: 1/36 [gnoll/+0 halberd (7)]
  1845 | D:3      | Noticed a phantom
  1858 | D:3      | Killed a phantom
  1859 | D:3      | Reached XP level 5. HP: 30/46 MP: 5/5
  1965 | D:3      | Noticed Sigmund
  1986 | D:3      | Killed Sigmund
  1987 | D:3      | Reached skill level 6 in Ranged Weapons
  1987 | D:3      | Reached XP level 6. HP: 17/52 MP: 6/6
  2496 | D:3      | Reached skill level 1 in Armour
  2788 | D:3      | 2788 ||| READING scroll of enchant armour.
  2788 | D:3      | 2788 ||| ENCHANTING +1 pair of boots.
  2795 | D:3      | 2795 ||| READING scroll labelled ANOESCH DUNAOGU.
  2796 | D:3      | 2796 ||| READING scroll labelled UVVODW MASU.
  2816 | D:4      | 2816 ||| PLANNING SEWER
  2919 | D:4      | Reached skill level 7 in Ranged Weapons
  3049 | D:4      | Reached XP level 7. HP: 59/59 MP: 7/7
  3073 | D:4      | Found a glowing drain.
  3329 | D:4      | Found a shimmering blue altar of Sif Muna.
  3329 | D:4      | Found a burning altar of Makhleb.
  3330 | D:4      | Found a glowing golden altar of the Shining One.
  3582 | D:4      | 3582 ||| RIP SEWER
  3582 | D:4      | 3582 ||| PLANNING D:1-11
  3582 | D:4      | 3582 ||| UPGRADING to +3 ring mail.
  3592 | D:4      | 3592 ||| DROPPING +0 leather armour.
  3593 | D:4      | 3593 ||| READING scroll labelled KUPRUS BOOVI.
  3628 | D:5      | Entered Level 5 of the Dungeon
  3733 | D:5      | Reached skill level 8 in Ranged Weapons
  4004 | D:5      | Found a blossoming altar of Fedhas.
  4538 | D:5      | Found a staircase to the Ecumenical Temple.
  4539 | D:5      | 4539 ||| PLANNING TEMPLE
  4554 | Temple   | Entered the Ecumenical Temple
  4555 | Temple   | 4555 ||| PLANNING OKAWARU WORSHIP
  4559 | Temple   | Became a worshipper of Warmaster Okawaru
  4560 | Temple   | 4560 ||| PLANNING D:1-11
  4894 | D:5      | Found an ornate altar of the Wu Jian Council.
  5022 | D:6      | 5022 ||| Stepping ~*~*~tactically~*~*~ (outnumbered).
  5025 | D:6      | 5025 ||| Stepping ~*~*~tactically~*~*~ (outnumbered).
  5043 | D:6      | HP: 14/61 [gnoll/+0 spear[a gnoll bouda] (2)]
  5049 | D:6      | HP: 8/61 [gnoll/+0 spear[a gnoll bouda] (4)]
  5050 | D:6      | HP: 2/61 [gnoll/+0 spear[a gnoll bouda] (6)]
  5293 | D:6      | Reached skill level 9 in Ranged Weapons
  5293 | D:6      | Reached XP level 8. HP: 19/63 MP: 8/8
  5493 | D:6      | Reached skill level 3 in Dodging
  5606 | D:6      | Reached skill level 6 in Fighting
  5691 | D:6      | 5691 ||| Stepping ~*~*~tactically~*~*~ (outnumbered).
  5692 | D:6      | 5692 ||| Stepping ~*~*~tactically~*~*~ (outnumbered).
  5757 | D:6      | Found an opulent altar of Gozag.
  5804 | D:6      | HP: 17/68 [wight/+1 scimitar (13)]
  5805 | D:6      | HP: 6/68 [ice beast (5)]
  5807 | D:6      | Slain by an ice beast

Levels and vault maps discovered:
D:1:      tarquinn_simple_flora_water_a, layout_rooms,
          dreamdust_ecumenical_altar_grove, serial_bayou, serial_bayou_shore_a,
          serial_bayou_pond_d, serial_bayou_pond_e, serial_bayou_shore_b,
          serial_bayou_pond_d, minmay_misc_feat_cross, grunt_decor_resistance
D:2:      layout_basic
D:3:      layout_loops_corners, grunt_decor_mini_mirrors, uniq_sigmund
D:4:      layout_loops_corners, gammafunk_temple_overflow_claw,
          gup_sewer_entry_glass
D:5:      layout_layer_cave, lemuel_coloured_pillars_altar, lemuel_round_altar,
          minmay_temple_entry_mini_moons
D:6:      layout_layer_cave, mainiacjoe_overflow_concentric_impassable,
          uniq_blork_the_orc
Temple:   hellmonk_temple_micro_hex

Skill      XL: |  1  2  3  4  5  6  7  8 |
---------------+-------------------------+-----
Ranged Weapons | 3 4 5 6 7 9 |  9.4
Fighting       | 2 4 5 6 |  6.1
Armour         | 1 2 |  2.4
Dodging        | 3 |  3.1
Spellcasting   | |  1.0
Hexes          | |  2.0

Action                     |  1- 3 |  4- 6 |  7- 9 || total
---------------------------+-------+-------+-------++-------
   Fire: Sling             |   111 |   120 |   240 ||   471
    Use: Scroll            |     7 |     3 |     1 ||    11
 Armour: Robe              |     3 |       |       ||     3
         Leather armour    |     6 |    11 |     5 ||    22
         Ring mail         |       |       |    69 ||    69
  Dodge: Dodged            |    24 |    41 |   109 ||   174

Table legend:
 A = Non-vault XP
 B = Vault XP
 C = Vault XP percentage of total XP
 D = Non-vault monster count
 E = Vault monster count
 F = Vault count percentage of total count
                 A         B        C        D         E       F
            +---------+---------+-------+---------+---------+-------
      Total |    1717 |     214 |  11.1 |      96 |       1 |   1.0
            +---------+---------+-------+---------+---------+-------
        D:1 |      34 |       0 |   0.0 |      20 |       0 |   0.0
        D:2 |      66 |       0 |   0.0 |      19 |       0 |   0.0
        D:3 |     230 |     214 |  48.2 |      17 |       1 |   5.6
        D:4 |     334 |       0 |   0.0 |      11 |       0 |   0.0
        D:5 |     347 |       0 |   0.0 |      13 |       0 |   0.0
        D:6 |     706 |       0 |   0.0 |      16 |       0 |   0.0
            +---------+---------+-------+---------+---------+-------
